 Dungeon Crawl Stone Soup version 0.13.0-25-g43d4df3 (webtiles) character file.

184 Malachi the Ruffian (level 3, 0/35 HPs)
             Began as a Troll Monk on Oct 27, 2013.
             Killed from afar by ark's ghost (9 damage)
             ... with a rocky blast
             ... on Level 3 of the Dungeon.
             The game lasted 00:02:38 (1815 turns).

Malachi the Ruffian (Troll Monk)                    Turns: 1815, Time: 00:02:38

HP   0/35        AC  5     Str 19      XL: 3   Next: 73%
MP   1/1         EV 10     Int  7      God:
Gold 127         SH  0     Dex 12      Spells:  0 memorised,  2 levels left

Res.Fire  : . . .   See Invis. : .     - Unarmed
Res.Cold  : . . .   Warding    : .   a - +0 robe
Life Prot.: . . .   Conserve   : .   (shield restricted)
Res.Poison: .       Res.Corr.  : .   (helmet restricted)
Res.Elec. : .       Clarity    : .   (no cloak)
Sust.Abil.: . .     Spirit.Shd : .   (gloves unavailable)
Res.Mut.  : .       Stasis     : .   (boots unavailable)
Res.Rott. : .       Flight     : .   (no amulet)
Gourmand  : +                        (no ring)
                                     (no ring)

@: heavily drained, not resistant to hostile enchantments, unstealthy
A: unfitting armour, claws 3, fast metabolism 3, gourmand, regeneration 2,
saprovore 2, tough skin 2, AC +1
a: no special abilities


You were on level 3 of the Dungeon.
You were very full.

You visited 1 branch of the dungeon, and saw 3 of its levels.

You collected 127 gold pieces.

Inventory:

Armour
 a - a +0 robe (worn)
Comestibles
 b - 3 meat rations
 c - a choko
 s - a chunk of bat flesh
 t - a chunk of rat flesh
 u - a chunk of giant newt flesh
 v - a chunk of rat flesh
Scrolls
 d - 3 scrolls of enchant weapon II {unknown}
 k - a scroll of remove curse {unknown}
 l - 3 scrolls of identify {unknown}
 m - a scroll of fog {unknown}
 p - 2 scrolls of magic mapping {unknown}
 q - a scroll of noise {unknown}
 r - 2 scrolls of teleportation {unknown}
Jewellery
 f - an uncursed ring of magical power {unknown}
 g - an uncursed ring of protection from magic {unknown}
 i - an uncursed ring of see invisible {unknown}
Potions
 e - a potion of invisibility {unknown}
 h - 2 potions of heal wounds {unknown}
 j - 2 potions of speed {unknown}
 n - 2 potions of restore abilities {unknown}
 o - a potion of magic {unknown}
 w - a potion of curing {unknown}


   Skills:
 + Level 2.6(1.2) Fighting
 + Level 2.7(1.3) Dodging
 - Level 1.2(0.0) Stealth
 * Level 5.0(3.5) Unarmed Combat


You had 2 spell levels left.
You didn't know any spells.

Dungeon Overview and Level Annotations

Branches:
Dungeon (3/27)

Altars:

Annotations:
D:3 ark's ghost, average TrEE


Innate Abilities, Weirdness & Mutations

You are too large for most types of armour.
You have claws for hands.
Your metabolism is lightning-fast.
You like to eat raw meat.
You heal very quickly.
You can eat rotten meat.
You are covered in fur (AC +1).
You have very tough skin (AC +2).


Message History

You closely miss ark's ghost.
Ark's ghost is lightly damaged.
Ark's ghost hits you.
You hit ark's ghost.
Ark's ghost is moderately damaged.
Ark's ghost hits you.
You barely miss ark's ghost.
Ark's ghost is lightly damaged.
Ark's ghost hits you but does no damage.
You closely miss ark's ghost.
Ark's ghost is lightly damaged.
Ark's ghost hits you.
You hit ark's ghost.
Ark's ghost is moderately damaged.
Ark's ghost gestures at you while chanting.
The rocky blast hits you!
* * * LOW HITPOINT WARNING * * *
Ark's ghost gestures at you while chanting.
The rocky blast hits you!
You die...

#............#
#............##
#.[...........
#............#
#............#
#............#
######...[...>.#
..####.........#########.##
..#....#....#.#.@.p........
..#.##.####.#.#.###########
..#..#.####.#.#.#
..............#..
####.####.#.#.### .# #)#.#
.# #.#.# .# #...# .# .#.#


You could see ark's ghost.

Vanquished Creatures
  An adder (D:2)
  An inept item mimic (D:3)
  8 bats
  8 hobgoblins
  A ball python (D:1)
  4 giant cockroaches
  3 giant newts
  3 goblins
  5 kobolds
  8 rats
42 creatures vanquished.

Vanquished Creatures (others)
  A giant newt (D:1)
1 creature vanquished.

Grand Total: 43 creatures vanquished

Notes
Turn   | Place    | Note
--------------------------------------------------------------
     0 | D:1      | Malachi, the Troll Monk, began the quest for the Orb.
     0 | D:1      | Reached XP level 1. HP: 20/20 MP: 0/0
   210 | D:1      | Reached XP level 2. HP: 28/28 MP: 0/0
   965 | D:2      | Reached XP level 3. HP: 32/35 MP: 1/1
  1786 | D:3      | Reached skill level 5 in Unarmed Combat
  1801 | D:3      | Noticed ark's ghost (average TrEE)
  1815 | D:3      | Killed from afar by ark's ghost

Action                   || total
-------------------------++-------
Melee: Unarmed           ||   107
